AoeStats
← Dark Woinic

Migration

507472799Analyzed
1v1 RM · 13d ago on Sep 18, 2026· 26m 19s· 2 players
Game mode
Random Map
Map size
132×132
Population
200
Speed
Normal
Resources
Standard
Victory
Conquest
Starting age
Dark Age
Ending age
Imperial Age
RankedLock teamsTeams togetherTeam positionsShared explorationLock speedFull tech treeHidden civsTurbo modeCheats
Victory
Defeat
🇫🇷 Armenians · France
1008
+16
🇫🇷 Japanese · France
1012
-16
Dark Woinic
4:39 Loom
12:42 Feudal Age
14:48 Fletching
15:18 Double-Bit Axe
17:51 Castle Age
18:30 Bodkin Arrow
19:02 Medium Warships
20:35 Bow Saw
26:32 Bloodlines
Border
12:02 Feudal Age
16:53 Castle Age
14:40 Loom
15:12 Fishing Lines
16:52 Stone Mining
17:29 Double-Bit Axe
17:51 Demolition Ship
19:54 Gillnets
22:03 Medium Warships
Connection lost

Rejoining the realm…

Still unreachable

The connection could not be restored.

Session expired

The server has moved on; the page needs a fresh start.